 Dungeon Crawl Stone Soup version 0.28-a0-751-gef3a642a4e (webtiles) character file.

Game seed: 8710350463526190331

4 lawman0 the Magician (level 1, 0/15 HPs)
             Began as a Djinni Summoner on Oct 30, 2021.
             Frozen to death by an endoplasm (7 damage)
             ... on level 1 of the Dungeon.
             The game lasted 00:00:19 (37 turns).

lawman0 the Magician (Djinni Summoner)                Turns: 37, Time: 00:00:20

Health: 0/15       AC:  2    Str:  7    XL:     1   Next: 66%
Gold:   10         EV: 12    Int: 16    God:
                   SH:  0    Dex: 13

rFire   + + .      SeeInvis .   b - +0 dagger
rCold   x . .      Faith    .   (no shield)
rNeg    . . .      Spirit   .   a - +0 robe
rPois   ∞          Reflect  .   (no helmet)
rElec   .          Harm     .   (no cloak)
rCorr   .          Rampage  .   (no gloves)
Will    .....                   (boots unavailable)
Stlth   ++........              (no amulet)
HPRegen 0.05/turn               (no ring)
MPRegen 0.00/turn               (no ring)

@: flying
A: sickness immunity, fire resistance 2, cold vulnerability 1, float, innate
caster, hp casting, extra vitality 1
a: no special abilities


You were on level 1 of the Dungeon.
You visited 1 branch of the dungeon, and saw 1 of its levels.

You collected 10 gold pieces.

Inventory:

Hand Weapons
 b - a +0 dagger (weapon)
Armour
 a - a +0 robe (worn)


   Skills:
 + Level 2.1 Dodging
 + Level 1.5 Stealth
 * Level 3.4 Spellcasting


You couldn't memorise any spells.
You knew the following spells:

 Your Spells              Type           Power      Damage    Failure   Level
a - Summon Small Mammal   Summ           52%        N/A       4%          1
b - Call Imp              Summ           13%        N/A       7%          2
c - Call Canine Familiar  Summ           13%        N/A       13%         3
d - Summon Guardian Gole  Hex/Summ       13%        N/A       13%         3
e - Summon Lightning Spi  Summ/Air       13%        N/A       41%         4
Your spell library was empty.

Dungeon Overview and Level Annotations

Branches:
Dungeon (1/15)

Altars:


Innate Abilities, Weirdness & Mutations

You are immune to sickness and miasma.
You are immune to poison.
Your flesh is very heat resistant. (rF++)
You are vulnerable to cold. (rC-)
You float through the air rather than walking.
You learn spells naturally, not from books.
Your magical power is your life essence.
You have superior vitality. (+4 HP)


Message History

No target in view!
No target in view!
You see here a +0 dagger.
b - a +0 dagger
b - a +0 dagger (weapon)
HP restored.
There is a stone staircase leading down here.
You now have 10 gold pieces.
A ball python comes into view.
The ball python hisses angrily.
A ball python is nearby!
An endoplasm comes into view.
Found a faded altar of an unknown god.
The endoplasm quivers.
Casting: Summon Small Mammal (safe; 4% risk of failure)
Confirm with . or Enter, or press ? or * to list all spells.
The ball python closely misses you. The ball python grabs you.
The ball python constricts you.
You escape the ball python's grasp.
The ball python barely misses you. x2
You barely miss the ball python.
Your quokka bites the ball python.
The ball python dies!
Your bat hits the endoplasm but does no damage.
Your bat hits the endoplasm.
Your bat hits the endoplasm but does no damage.
Your bat barely misses the endoplasm.
The endoplasm freezes you.
You are frozen!
You feel a terrible chill!
Your bat hits the endoplasm.
You are too injured to fight recklessly!
You swap places.
A rat comes into view.
Your bat hits the endoplasm but does no damage.
The endoplasm splashes around in the water.
You are too injured to fight recklessly!
A frilled lizard comes into view.
Your bat hits the endoplasm. The endoplasm completely misses you.
Unknown command.
You swap places.
Your bat hits the endoplasm. The endoplasm freezes you.
You are frozen!
You feel a terrible chill!
You die...

###### ##############
......#####...≈.......≈.
#.......##.≈.≈≈.≈≈..≈≈≈
#.......##.≈≈≈≈≈≈≈≈≈≈.≈
###.......##≈≈≈≈≈≈≈≈≈≈≈..
............≈≈≈≈@≈≈≈≈≈≈r.
#.......##.≈≈≈J≈.≈≈≈≈..
#.....>..#..≈≈≈b_.≈≈≈≈.
#........#≈.r≈≈≈..≈≈≈≈≈
###..###.#≈≈≈≈≈≈≈≈≈≈≈≈≈
#...# .#..≈≈≈≈≈≈≈≈≈..
#♣.♣# .#..≈≈≈≈≈≈≈≈≈.≈ ♣.♣
....≈.≈≈..≈.≈≈≈ ♣.♣
##.≈≈≈≈...≈.l..


You could see an endoplasm (ally target), a rat, a friendly quokka (summoned)
and a friendly bat (summoned).

Vanquished Creatures (collateral kills)
  A ball python (D:1)
  An endoplasm (D:1)
  A goblin (D:1)
3 creatures vanquished.

Notes
Turn   | Place    | Note
-------+----------+-------------------------------------------
     0 | D:1      | lawman0 the Djinni Summoner began the quest for the Orb.
     0 | D:1      | Reached XP level 1. HP: 15/15 MP: 0/0
    26 | D:1      | Found a faded altar of an unknown god.
    37 | D:1      | Frozen to death by an endoplasm

Illustrated notes

Levels and vault maps discovered:
D:1:      eino_arrival_tree_alley, layout_loops_ring,
          chequers_ecumenical_altar_island, st_stairs_7

Action                   || total
-------------------------++-------
Melee: Dagger            ||     1
       Unarmed           ||     1
 Cast: Summon Small Mamm ||     2
Armor: Robe              ||     1
Dodge: Dodged            ||     4

Table legend: (Time is in decaauts)
 A = Elapsed time spent in this place.
 B = Non-inter-level travel time spent in this place.
 C = Inter-level travel time spent in this place.
 D = Time resting spent in this place.
 E = Time spent auto-exploring this place.
 F = Levels seen in this place.
 G = Mean time per level.
                   A        B        C        D        E       F      G
               +--------+--------+--------+--------+--------+-----+--------+
         Total |     36 |     36 |      0 |      0 |     12 |   1 |   36.0 |
       Dungeon |     36 |     36 |      0 |      0 |     12 |   1 |   36.0 |
               +--------+--------+--------+--------+--------+-----+--------+

Top non-repeatable levels by time:
     D:1: 36 daAuts
